AoeStats
← Matute3232

Arabia

509754832Analyzed
1v1 RM · 5d ago on Sep 27, 2026· 50m 15s· 2 players
Game mode
Random Map
Map size
Tiny (2 player)
Population
200
Speed
Normal
Resources
Standard
Victory
Conquest
Starting age
Dark Age
Ending age
Imperial Age
RankedLock teamsTeams togetherTeam positionsShared explorationLock speedFull tech treeHidden civsTurbo modeCheats
Victory
Defeat
🇦🇷 Vikings · Argentina
1322
+15
🇵🇪 Britons · Peru
1297
-15
garthony
9:20 Feudal Age
9:05 Loom
9:55 Double-Bit Axe
16:15 Fletching
23:37 Castle Age
23:59 Scale Barding Armor
25:19 Bodkin Arrow
25:54 Crossbowman
27:17 Forging
31:56 Ballistics
32:34 Husbandry
34:24 Padded Archer Armor
37:47 Leather Archer Armor
38:24 Wheelbarrow
42:45 Imperial Age
44:58 Arbalester
46:44 Chemistry
46:48 Conscription
47:56 Light Cavalry
Matute3232
2:59 Loom
4:56 Loom
6:20 Loom
8:47 Feudal Age
9:17 Double-Bit Axe
15:14 Fletching
16:20 Horse Collar
20:37 Castle Age
19:03 Padded Archer Armor
20:37 Gold Mining
21:16 Bodkin Arrow
23:32 Scale Barding Armor
23:37 Forging
24:19 Bow Saw
26:11 Chain Barding Armor
26:26 Iron Casting
29:23 Elite Skirmisher
30:17 Heavy Plow
33:38 Leather Archer Armor
34:36 Town Watch
36:27 Ballistics
39:56 Imperial Age
39:46 Gold Shaft Mining
39:04 Stone Mining
40:40 Bracer
41:42 Chemistry
40:15 Cavalier
41:57 Ring Archer Armor
41:14 Arrowslits
47:17 Blast Furnace
49:00 Conscription
49:38 Town Patrol
Connection lost

Rejoining the realm…

Still unreachable

The connection could not be restored.

Session expired

The server has moved on; the page needs a fresh start.